 Dungeon Crawl Stone Soup version 0.31.0-32-g396128a36d (webtiles) character file.

Game seed: 7916811844550733477

126 PaiMei the Grave Robber (level 4, -1/30 HPs)
             Began as a Demonspawn Necromancer on Apr 23, 2024.
             Slain by a gnoll
             ... wielding a +0 flail
              (4 damage)
             ... on level 3 of the Dungeon.
             The game lasted 00:04:29 (2984 turns).

PaiMei the Grave Robber (Demonspawn Necromancer)    Turns: 2984, Time: 00:04:29

Health: -1/30      AC:  2    Str:  8    XL:     4   Next: 84%
Magic:  5/8        EV: 12    Int: 18    God:
Gold:   127        SH:  0    Dex: 13    Spells: 7/8 levels left

rFire   . . .        i - +2 dagger (freeze)
rCold   . . .        (no shield)
rNeg    . . .        a - +0 robe
rPois   .            (no helmet)
rElec   .            (no cloak)
rCorr   .            (no gloves)
SInv    .            (no boots)
Will    .....        (no amulet)
Stlth   ++           g - +4 ring of slaying
HPRegen 0.25/turn    (no ring)
MPRegen 0.22/turn

%: no passive effects
@: no status effects
A: powered by pain 1, magic regeneration
a: no special abilities


You were on level 3 of the Dungeon.
You visited 1 branch of the dungeon, and saw 3 of its levels.

You collected 127 gold pieces.

Inventory:

Hand Weapons
 i - a +2 dagger of freezing (weapon)
Armour
 a - a +0 robe (worn)
Jewellery
 g - a +4 ring of slaying (left hand)
Scrolls
 c - a scroll of summoning {unknown}
 d - 2 scrolls of teleportation {unknown}
 f - 2 scrolls of identify {unknown}
 h - a scroll of enchant armour {unknown}
 j - a scroll of immolation {unknown}
Potions
 b - 2 potions of magic
 e - a potion of degeneration {unknown}
 k - a potion of enlightenment {unknown}
 l - 2 potions of curing {unknown}


   Skills:
 + Level 2.6 Dodging
 + Level 2.9 Stealth
 + Level 2.9 Spellcasting
 + Level 5.1 Necromancy


You had 7 spell levels left.
You knew the following spells:

 Your Spells              Type           Power      Damage    Failure   Level
a - Necrotise             Necr           84%        1d8       1%          1

Your spell library contained the following spells:

 Spells                   Type           Power      Damage    Failure   Level
 Vampiric Draining        Necr           21%        2d7       6%          3
 Animate Dead             Necr           21%        N/A       21%         4
 Frozen Ramparts          Ice            4%         1d1       45%         3
 Curse of Agony           Necr           21%        N/A       50%         5
 Leda's Liquefaction      Alch/Erth      1%         N/A       86%         4
 Petrify                  Alch/Erth      2%         N/A       86%         4
 Metabolic Englaciation   Hex/Ice        1%         N/A       99%         5


Dungeon Overview and Level Annotations

Branches:
Dungeon (3/15)

Altars:
Yredelemnul

Annotations:
D:2 1 runed translucent door, Crazy Yiuf


Innate Abilities, Weirdness & Mutations

You sometimes gain a little power by taking damage.
You regenerate magic rapidly.


Message History

Press: ? - help, Shift-Dir - straight line, f/p - gnoll
Aim: a gnoll, wielding a +0 club (moderately wounded, chance to affect: 84%)
The gnoll writhes in agony.
Casting: Necrotise (safe; 1% risk of failure)
Confirm with . or Enter, or press ? or * to list all spells.
Aiming: Necrotise (safe; 1% risk of failure)
Press: ? - help, Shift-Dir - straight line, f/p - gnoll
Aim: a gnoll, wielding a +0 club (severely wounded, chance to affect: 84%)
The gnoll writhes in agony!
You kill the gnoll!
The dead are walking!
Something hits your gnoll skeleton. Something hits your gnoll skeleton!
Something hits your gnoll skeleton!
Your gnoll skeleton is destroyed!
The gnoll attacks as it pursues you! The gnoll misses you.
The gnoll attacks as it pursues you! The gnoll completely misses you.
The gnoll attacks as it pursues you! The gnoll hits you with a +0 flail!
The gnoll attacks as it pursues you! The gnoll hits you with a +0 flail.
The gnoll attacks as it pursues you! The gnoll hits you with a +0 flail!
* * * LOW HITPOINT WARNING * * *
Casting: Necrotise (safe; 1% risk of failure)
Confirm with . or Enter, or press ? or * to list all spells.
Aiming: Necrotise (safe; 1% risk of failure)
Press: ? - help, Shift-Dir - straight line, f - gnoll
Aim: a gnoll, wielding a +0 flail (chance to affect: 85%)
The gnoll writhes in agony.
The gnoll hits you with a +0 flail.
* * * LOW HITPOINT WARNING * * *
Casting: Necrotise (safe; 1% risk of failure)
Confirm with . or Enter, or press ? or * to list all spells.
Aiming: Necrotise (safe; 1% risk of failure)
Press: ? - help, Shift-Dir - straight line, f/p - gnoll
Aim: a gnoll, wielding a +0 flail (heavily wounded, chance to affect: 85%)
The gnoll writhes in agony.
The gnoll barely misses you.
Casting: Necrotise (safe; 1% risk of failure)
Confirm with . or Enter, or press ? or * to list all spells.
Aiming: Necrotise (safe; 1% risk of failure)
Press: ? - help, Shift-Dir - straight line, f/p - gnoll
Aim: a gnoll, wielding a +0 flail (severely wounded, chance to affect: 85%)
The gnoll writhes in agony.
The gnoll hits you with a +0 flail.
You die...

#..........# #.##### #######
#..........# #.# # #..........#
#.# # ...........# ##.# #
#..........# #..# ######## #
#.........<# #.####......## #
#..........######g###........## #
####........)..)#g##..........#
.#####.########.@.............#
..........#####...#.).........#
.......#.....##.####..........#
.#####..........####..........#
######.......................####
##.......>##.................#...
#.........#..#######.............
............## #.............
..........### #.............


You could see 2 gnolls.

Vanquished Creatures
  A hound zombie (D:3)
  4 adders
  A gnoll (D:3)
  An adder zombie (D:3)
  A ribbon worm (D:2)
  A bat (D:1)
  6 endoplasms
  9 goblins
  8 hobgoblins
  2 quokkas
  10 ball pythons
  3 frilled lizards
  4 kobolds
  A quokka zombie (D:3)
  6 rats
58 creatures vanquished.

Notes
Turn   | Place    | Note
-------+----------+-------------------------------------------
     0 | D:1      | PaiMei the Demonspawn Necromancer began the quest for the
                  | Orb.
     0 | D:1      | Reached XP level 1. HP: 13/13 MP: 3/3
   233 | D:1      | Gained mutation: You sometimes gain a little power by
                  | taking damage. [demonic ancestry]
   233 | D:1      | Reached XP level 2. HP: 19/19 MP: 1/5
  1437 | D:2      | Reached XP level 3. HP: 11/24 MP: 0/6
  2213 | D:2      | Found a runed translucent door.
  2214 | D:2      | Noticed Crazy Yiuf
  2458 | D:3      | Gained mutation: You regenerate magic rapidly. [demonic
                  | ancestry]
  2458 | D:3      | Reached XP level 4. HP: 30/30 MP: 0/7
  2654 | D:3      | Reached skill level 5 in Necromancy
  2700 | D:3      | Found a basalt altar of Yredelemnul.
  2984 | D:3      | Slain by a gnoll

Illustrated notes

Levels and vault maps discovered:
D:1:      mrwooster_arrival_statue_3, layout_basic,
          hangedman_decor_diamond_cutter, minivault_24
D:2:      layout_basic, chequers_serial_rivers_micro_e, grunt_decor_one_mirror,
          uniq_crazy_yiuf_cottage
D:3:      layout_rooms, nicolae_yredelemnul_corpse_copse,
          cheibrodos_sewer_entry_bend

Skill      XL: |  1  2  3  4 |
---------------+-------------+-----
Stealth        | 2 |  2.9
Dodging        | 2 |  2.6
Necromancy     | 5 |  5.1
Spellcasting   | |  2.9

Action                     |  1- 3 |  4- 6 || total
---------------------------+-------+-------++-------
  Melee: Dagger            |     6 |    17 ||    23
   Cast: Necrotise         |    88 |    26 ||   114
   Stab: Sleeping          |       |     1 ||     1
 Armour: Robe              |    12 |    21 ||    33
  Dodge: Dodged            |    14 |    17 ||    31
